 Dungeon Crawl Stone Soup version 0.20-a0-839-gdaf5c57 (webtiles) character file.

686 Amciq the Cudgeler (level 7, 0/71 HPs)
             Began as a Troll Berserker on Mar 8, 2017.
             Was a Believer of Trog.
             Killed from afar by an orc wizard (9 damage)
             ... with a magic dart
             ... on level 5 of the Dungeon.
             The game lasted 00:08:06 (3400 turns).

Amciq the Cudgeler (Troll Berserker)                Turns: 3400, Time: 00:08:08

Health: 0/71       AC:  5    Str: 28      XL:     7   Next: 35%
Magic:  6/6        EV:  1    Int:  3      God:    Trog [**....]
Gold:   241        SH:  0    Dex:  0 (9)  Spells: 6/6 levels left

rFire    . . .     SeeInvis .   u - +1 whip (vamp)
rCold    . . .     Gourm    +   b - +0 animal skin
rNeg     . . .     Faith    .   (no shield)
rPois    .         Spirit   .   (helmet restricted)
rElec    .         Reflect  .   (no cloak)
rCorr    .         Harm     .   (gloves unavailable)
MR       .....                  (boots unavailable)
Stlth    ..........             (no amulet)
Regen    0.7/turn               (no ring)
MPRegen  0.1/turn               (no ring)

@: exhausted, slowed, lost dexterity, very slow
A: unfitting armour, claws 3, fast metabolism 3, gourmand, regeneration 1,
shaggy fur 1, tough skin 2
a: Berserk, Trog's Hand, Burn Spellbooks, Renounce Religion


You were on level 5 of the Dungeon.
You worshipped Trog.
Trog was pleased with you.
You were not hungry.

You visited 1 branch of the dungeon, and saw 5 of its levels.

You collected 241 gold pieces.

Inventory:

Hand Weapons
 a - a +0 mace
 u - a +1 vampiric whip (weapon)
Armour
 b - a +0 animal skin (worn)
Wands
 o - a wand of lightning (5/15)
 t - a wand of polymorph (12/24)
Scrolls
 e - 2 scrolls of blinking
 f - a scroll of teleportation {unknown}
 i - 2 scrolls of recharging {unknown}
 j - a scroll of remove curse
 k - a scroll of fog {unknown}
 l - 2 scrolls of identify {unknown}
 p - a scroll of immolation {unknown}
 r - a scroll of enchant weapon {unknown}
 v - a scroll of random uselessness {unknown}
Potions
 d - a potion of heal wounds {unknown}
 g - 2 potions of curing {unknown}
 m - a potion of cancellation {unknown}
 n - 2 potions of brilliance {unknown}
 q - 2 potions of haste {unknown}
 s - a potion of lignification {unknown}
Comestibles
 c - 4 bread rations
 h - a meat ration


   Skills:
 + Level 4.8 Fighting
 + Level 4.9 Maces & Flails
 + Level 4.3 Dodging


You had 6 spell levels left.
You didn't know any spells.

Dungeon Overview and Level Annotations

Branches:
Dungeon (5/15)
 Temple: D:4-7

Altars:
Okawaru
Ru
Wu Jian
The Shining One

Annotations:
D:4 Eustachio


Innate Abilities, Weirdness & Mutations

You are too large for most types of armour.
You have claws for hands.
Your metabolism is lightning-fast.
You like to eat raw meat.
Your natural rate of healing is unusually fast.
You are covered in fur. (AC +1)
You have very tough skin. (AC +2)


Message History

You kill the orc!
Trog accepts your kill.
The orc priest hits you but does no damage.
You whack the orc priest!
You kill the orc priest!
Trog accepts your kill.
You are no longer berserk.
You are exhausted.
You feel yourself slow down.
You hit the orc wizard.
The orc wizard is moderately wounded.
The orc wizard hits you with a dagger.
* * * LOW HITPOINT WARNING * * *
You barely miss the orc wizard.
The orc wizard is moderately wounded.
The orc wizard hits you with a dagger.
* * * LOW HITPOINT WARNING * * *
The orc wizard casts a spell at you. The magic dart hits you!
You die...

######### .... #......#.
###... #......#.
....##+###......#.
...##.#.'......#.
..##.#.#......#.
#########.##.#.#....#.#.
......)%.^.#.#.#........
.......@o(.#.#.#..#.##.#
......))..(..#.#.......#
..........#..#.###..####
..#########.>..# #... .
###### #.#


You could see an orc wizard.

Vanquished Creatures
  Grinder (D:4)
  Sigmund (D:3)
  A big kobold (D:3)
  An orc priest (D:5)
  A hound (D:5)
  2 iguanas
  A hound skeleton (D:4)
  6 adders
  An ooze (D:2)
  A worm (D:2)
  2 leopard geckos
  3 orcs
  6 giant cockroaches
  2 hobgoblins
  9 jackals
  5 bats
  3 frilled lizards
  9 goblins
  18 kobolds
  6 rats
79 creatures vanquished.

Notes
Turn   | Place    | Note
-------+----------+-------------------------------------------
     0 | D:1      | Amciq the Troll Berserker began the quest for the Orb.
     0 | D:1      | Reached XP level 1. HP: 22/22 MP: 0/0
   211 | D:1      | Reached XP level 2. HP: 29/29 MP: 1/1
   704 | D:2      | Found a sacrificial altar of Ru.
   972 | D:2      | Reached XP level 3. HP: 32/37 MP: 2/2
  1157 | D:2      | Found a glowing golden altar of the Shining One.
  1203 | D:2      | Reached XP level 4. HP: 45/45 MP: 3/3
  1523 | D:3      | Noticed a big kobold
  1607 | D:3      | Noticed Sigmund
  1622 | D:3      | Killed Sigmund
  1622 | D:3      | Reached XP level 5. HP: 46/54 MP: 4/4
  1700 | D:3      | Reached ** piety under Trog
  1790 | D:3      | Reached XP level 6. HP: 42/62 MP: 5/5
  2212 | D:3      | Found an ornate altar of the Wu Jian Council.
  2559 | D:3      | Found an iron altar of Okawaru.
  2774 | D:4      | Noticed Grinder
  2787 | D:4      | Killed Grinder
  2787 | D:4      | Reached XP level 7. HP: 29/71 MP: 6/6
  3071 | D:4      | Noticed Eustachio
  3112 | D:4      | Lost dexterity.
  3334 | D:5      | Entered Level 5 of the Dungeon
  3400 | D:5      | Killed from afar by an orc wizard

Vault maps used:
D:1:      scummos_arrival_checkerplants
D:2:      old_standard_altar, tso_altar, first_bread, serial_forest,
          infiniplex_forest_clump_curved, infiniplex_forest_lined_2,
          infiniplex_forest_straight_5, infiniplex_forest_end_2,
          infiniplex_forest_zigzag_2, infiniplex_forest_straight_4,
          infiniplex_forest_straight_2
D:3:      cheibrodos_thug_alley, overflow_temple_1_default,
          kennysheep_okawaru_gauntlet, uniq_sigmund
D:4:      uniq_grinder, uniq_eustachio, uniq_edmund
D:5:      nicolae_overflow_hidden_temple, slow_altar_1

Skill      XL: |  1  2  3  4  5  6 |
---------------+-------------------+-----
Maces & Flails | 3 4 |  4.9
Fighting       | 3 4 |  4.8
Dodging        | 3 4 |  4.3

Action                   |  1- 3 |  4- 6 |  7- 9 || total
-------------------------+-------+-------+-------++-------
Melee: Mace              |    78 |   104 |       ||   182
       Whip              |       |    17 |   102 ||   119
Invok: Berserk           |     1 |     3 |     2 ||     6
       Trog's Hand       |       |       |     3 ||     3
  Use: Scroll            |       |     2 |       ||     2
  Eat: Chunk             |    12 |    22 |     3 ||    37
       Bread ration      |       |       |     1 ||     1
Armor: Animal skin       |    39 |    38 |    80 ||   157
Dodge: Dodged            |    50 |    68 |    50 ||   168
